 Dungeon Crawl Stone Soup version 0.29-a0-322-g68df515428 (webtiles) character file.

Game seed: 9538554941418343277

3831 Flugslaktarn the Stinger (level 10, -1/71 HPs)
             Began as a Human Venom Mage on Apr 8, 2022.
             Was a Priest of Cheibriados.
             Slain by an orc warlord
             ... wielding a +0 war axe
              (19 damage)
             ... in a bailey.
             The game lasted 00:24:11 (3368 turns).

Flugslaktarn the Stinger (Human Venom Mage)         Turns: 3368, Time: 00:24:11

Health: -1/71      AC:  7    Str: 16    XL:     10   Next: 40%
Magic:  11/18      EV: 14    Int: 27    God:    Cheibriados [***...]
Gold:   269        SH:  0    Dex: 20    Spells: 1/20 levels left

rFire   . . .      SeeInvis .   k - +1 quarterstaff (spect)
rCold   . . .      Faith    .   (shield currently unavailable)
rNeg    . . .      Spirit   .   F - +2 robe {Archmagi}
rPois   .          Reflect  .   (no helmet)
rElec   .          Harm     .   (no cloak)
rCorr   .          Rampage  .   e - +0 pair of gloves
Will    .....      Archmagi +   m - +1 pair of boots
Stlth   ++........              (no amulet)
HPRegen 0.21/turn               (no ring)
MPRegen 0.16/turn               (no ring)

@: about to teleport, weak-willed, very slow
A: no striking features
a: Renounce Religion, Bend Time, Temporal Distortion


You were in a bailey.
You worshipped Cheibriados.
Cheibriados was most pleased with you.
You visited 2 branches of the dungeon, and saw 10 of its levels.
You also visited: Bailey.

You collected 269 gold pieces.

Inventory:

Hand Weapons
 b - a +0 whip of freezing
   (You took it off Pikel on level 5 of the Dungeon)
 c - a +0 rapier of protection
   (You found it on level 5 of the Dungeon)
 j - a +0 dagger of draining
   (You took it off Dowan on level 4 of the Dungeon)
 k - a +1 spectral quarterstaff (weapon)
   (You took it off a kobold on level 3 of the Dungeon)
 s - a +5 vampiric scythe
   (You took it off Sigmund on level 5 of the Dungeon)
Missiles
 r - 16 boomerangs
Armour
 a - a +0 robe
 e - a +0 pair of gloves (worn)
   (You found it on level 5 of the Dungeon)
 m - a +1 pair of boots (worn)
   (You found it on level 2 of the Dungeon)
 F - a +2 robe of the Archmagi (worn)
   (You took it off an orc wizard on level 9 of the Dungeon)
Wands
 g - a wand of mindburst (5)
   (You found it on level 4 of the Dungeon)
 o - a wand of digging (7)
   (You took it off Dowan on level 4 of the Dungeon)
 B - a wand of acid (5)
   (You found it on level 9 of the Dungeon)
Scrolls
 u - a scroll of amnesia
 w - a scroll of fog
 x - a scroll of immolation
 y - a scroll of brand weapon
 A - a scroll of silence {unknown}
 D - a scroll of summoning {unknown}
Potions
 d - a potion of ambrosia
 f - 2 potions of flight
 h - 3 potions of haste
 l - a potion of cancellation {unknown}
 n - a potion of degeneration {unknown}
 p - 2 potions of attraction
 q - 2 potions of curing
 C - 2 potions of brilliance {unknown}
 E - 2 potions of mutation {unknown}


   Skills:
 - Level 4.0 Fighting
 - Level 4.0 Staves
 - Level 4.0 Dodging
 - Level 2.0 Stealth
 + Level 5.6 Spellcasting
 - Level 1.0 Conjurations
 + Level 2.4 Hexes
 - Level 7.0 Summonings
 - Level 2.0 Transmutations
 - Level 2.0 Ice Magic
 - Level 2.0 Air Magic
 - Level 7.0 Poison Magic
 - Level 3.0 Evocations


You had one spell level left.
You knew the following spells:

 Your Spells              Type           Power      Damage    Failure   Level
a - Sting                 Tmut/Pois      100%       1d8       1%          1
b - Poisonous Vapours     Pois/Air       94%        N/A       1%          2
c - Mephitic Cloud        Conj/Pois/Air  38%        N/A       5%          3
d - Olgreb's Toxic Radia  Pois           61%        N/A       3%          4
e - Summon Ice Beast      Ice/Summ       47%        N/A       11%         4
f - Summon Mana Viper     Hex/Summ       49%        N/A       26%         5

Your spell library contained the following spells:

 Spells                   Type           Power      Damage    Failure   Level
 Slow                     Hex            100%       N/A       2%          1
 Call Imp                 Summ           61%        N/A       1%          2
 Summon Guardian Golem    Hex/Summ       49%        N/A       3%          3
 Confusing Touch          Hex            31%        N/A       8%          3
 Tukima's Dance           Hex            31%        N/A       8%          3
 Blink                    Tloc           22%        N/A       11%         2
 Stone Arrow              Conj/Erth      30%        3d8       17%         3
 Vampiric Draining        Necr           11%        2d6       21%         3
 Summon Cactus Giant      Summ           30%        N/A       52%         6
 Passage of Golubria      Tloc           11%        N/A       56%         4
 Yara's Violent Unravell  Hex/Tmut       14%        3d7       58%         5
 Borgnjor's Vile Clutch   Necr/Erth      5%         N/A       88%         5


Dungeon Overview and Level Annotations

Branches:
Dungeon (9/15)             Temple (1/1) D:7          Bailey (1/1)
   Lair: D:8-11         Orc: D:9-12

Altars:
Ashenzari
Cheibriados
Fedhas
Hepliaklqana
Nemelex Xobeh
Okawaru
Trog
Xom
The Shining One

Shops:
D:5 *   D:8 !

Annotations:
D:4 Eustachio


Message History

Things that are here:
a +0 hand axe; a +0 leather armour
Things that are here:
a +0 hand axe; a +0 leather armour
Things that are here:
a +0 hand axe; a +0 leather armour
Things that are here:
a +0 hand axe; a +0 leather armour
There is an open door here.
Casting: Poisonous Vapours (safe; 1% risk of failure)
Confirm with . or Enter, or press ? or * to list all spells.
The spell is quite dangerous to miscast (26% risk of failure)!
Continue anyway?
You feel a surge of power!
A mana viper appears with a sibilant hiss.
Casting: Summon Mana Viper (quite dangerous; 26% risk of failure)
Confirm with . or Enter, or press ? or * to list all spells.
You feel a surge of power! A chill wind blows around you.
Unknown command.
As you open the gate, it creaks loudly!
Unknown command.
You swap places.
The orc warlord attacks as you move away!
The orc warlord hits you with a +0 war axe!!
Your mana viper barely misses the orc warlord.
The orc warlord hits your mana viper with a +0 war axe!
Your mana viper bites the orc warlord!
The orc warlord hits your mana viper with a +0 war axe!!
The orc warlord hits your ice beast with a +0 war axe!
Your mana viper closely misses the orc warlord.
Unknown command.
Your mana viper bites the orc warlord!
Your ice beast hits the orc warlord but does no damage.
The orc warlord hits your ice beast with a +0 war axe!
The orc warlord hits your mana viper with a +0 war axe!
Your mana viper dies!
Your mana viper disappears in a puff of smoke!
Your ice beast completely misses the orc warlord.
Enter note: great Unknown command.
Unknown command.
You don't have any such object.
Evoke which item? (* to show all) (? for menu, Esc to quit)
Okay, then.
Aiming: Mindburst
Press: ? - help, Shift-Dir - straight line, f - orc warlord
Aim: an orc warlord, wielding a +0 war axe and wearing a +0 plate armour (grey smoke, lightly wounded, ally target, chance to affect: 42%)
Okay, then.
Unknown command.
As you read the scroll labelled ODOURACLIRE, it crumbles to dust.
The scroll dissolves into smoke.
It was a scroll of fog.
The orc warlord hits your ice beast with a +0 war axe!
Your ice beast barely misses the orc warlord.
Okay, then.
It was a potion of heal wounds.
You feel much better.
The orc warlord hits your ice beast with a +0 war axe!!
Your ice beast dies!
Your ice beast disappears in a puff of smoke!
Okay, then.
Aiming: Charm
Press: ? - help, Shift-Dir - straight line, f - orc warlord
Aim: an orc warlord, wielding a +0 war axe and wearing a +0 plate armour (lightly wounded, chance to affect: 23%)
Okay, then.
Unknown command.
Really read the scroll of vulnerability?
As you read the scroll of vulnerability, it crumbles to dust.
Magic quickly surges around you.
Aiming: Charm
Press: ? - help, Shift-Dir - straight line, f - orc warlord
Aim: an orc warlord, wielding a +0 war axe and wearing a +0 plate armour (lightly wounded, weak-willed, chance to affect: 48%)
The orc warlord resists with some effort.
Aiming: Charm
Press: ? - help, Shift-Dir - straight line, f/p - orc warlord
Aim: an orc warlord, wielding a +0 war axe and wearing a +0 plate armour (purple smoke, lightly wounded, weak-willed, chance to affect: 48%)
The orc warlord resists with some effort.
The now-empty wand crumbles to dust.
The orc warlord hits you with a +0 war axe!
Enter note: :) Unknown command.
Unknown command.
Aiming: Mindburst
Press: ? - help, Shift-Dir - straight line, f/p - orc warlord
Aim: an orc warlord, wielding a +0 war axe and wearing a +0 plate armour (purple smoke, lightly wounded, weak-willed, chance to affect: 68%)
The orc warlord's mind is blasted!!
The orc warlord hits you with a +0 war axe!
Aiming: Mindburst
Press: ? - help, Shift-Dir - straight line, f/p - orc warlord
Aim: an orc warlord, wielding a +0 war axe and wearing a +0 plate armour (purple smoke, moderately wounded, weak-willed, chance to affect: 68%)
The orc warlord struggles to resist.
The orc warlord hits you with a +0 war axe!!
Aiming: Mindburst
Press: ? - help, Shift-Dir - straight line, f/p - orc warlord
Aim: an orc warlord, wielding a +0 war axe and wearing a +0 plate armour (purple smoke, moderately wounded, weak-willed, chance to affect: 68%)
The orc warlord's mind is blasted!
The orc warlord hits you with a +0 war axe!
* * * LOW HITPOINT WARNING * * *
Okay, then.
As you read the scroll of teleportation, it crumbles to dust.
You feel strangely unstable.
The orc warlord hits you with a +0 war axe!!
You die...

#...8.....†#########.
##......####≈≈ #≈≈≈##
##.....#≈≈#≈. ...:≈#
##....#≈........!≈#
#...##≈8.8...8.8##
#..§§≈≈.........#.
#§§.'≈≈....∩....#.
#§§.'≈≈........o#.
#@o.##≈8.8...8.8##
##§§§.#≈........!≈#
##§§§§§#≈≈#≈. ...:≈#
##......#### #≈≈≈##
#...8......#########)
#..........'.....+.†)
#..........#≈≈≈≈≈#...
##..8..8...#≈)≈≈≈#...
##.......##≈≈≈≈≈##..


You could see an orc warlord (weak-willed).

Vanquished Creatures
  Pikel (D:5)
  A komodo dragon (D:7)
  Sigmund (D:5)
  A wraith (D:9)
  2 water moccasins (D:7)
  Duvessa (D:4)
  3 orc warriors
  A black bear (D:4)
  3 ogres
  A centaur (D:9)
  A lemure (D:5)
  2 phantoms
  A kobold brigand (D:9)
  A bullfrog (D:3)
  A scorpion (D:7)
  Dowan (D:4)
  16 killer bees
  A howler monkey (D:8)
  5 orc priests
  2 jellies
  4 hounds
  3 iguanas
  Natasha (D:4)
  2 orc wizards
  An adder (D:6)
  2 gnolls
  2 white imps (D:7)
  2 dart slugs (D:1)
  10 orcs
  4 ball pythons
  An endoplasm (D:4)
  A giant cockroach (D:2)
  3 hobgoblins
  3 bats
  5 frilled lizards
  5 goblins
  12 kobolds
  4 rats
111 creatures vanquished.

Vanquished Creatures (collateral kills)
  An orc warrior (Bailey)
  A wight (D:8)
  6 goblins
  3 kobolds (Bailey)
11 creatures vanquished.

Vanquished Creatures (others)
  A wight (D:8)
  A plant (D:1)
2 creatures vanquished.

Grand Total: 124 creatures vanquished

Notes
Turn   | Place    | Note
-------+----------+-------------------------------------------
     0 | D:1      | Flugslaktarn the Human Venom Mage began the quest for the
                  | Orb.
     0 | D:1      | Reached XP level 1. HP: 13/13 MP: 3/3
    95 | D:3      | Noticed a bullfrog
   103 | D:3      | Killed a bullfrog
   104 | D:3      | Reached XP level 2. HP: 14/19 MP: 0/5
   104 | D:3      | Reached XP level 3. HP: 18/24 MP: 0/7
   104 | D:3      | Reached XP level 4. HP: 23/30 MP: 0/8
   107 | D:3      | Learned a level 2 spell: Poisonous Vapours
   154 | D:3      | You fall into a shaft and drop 2 floors!
   154 | D:5      | Entered Level 5 of the Dungeon
   158 | D:5      | Noticed a lemure
   158 | D:5      | Noticed a lemure
   195 | D:5      | Reached skill level 1 in Air Magic
   268 | D:5      | Noticed a lemure
   298 | D:5      | Killed a lemure
   360 | D:5      | Noticed Pikel
   400 | D:5      | Killed Pikel
   401 | D:5      | Reached XP level 5. HP: 35/35 MP: 1/9
   401 | D:5      | Reached XP level 6. HP: 41/41 MP: 1/10
   401 | D:5      | Reached XP level 7. HP: 46/46 MP: 1/11
   405 | D:5      | Learned a level 3 spell: Mephitic Cloud
   410 | D:5      | Learned a level 4 spell: Olgreb's Toxic Radiance
   501 | D:5      | Reached skill level 1 in Conjurations
   538 | D:4      | Noticed Natasha
   542 | D:4      | Killed Natasha
   612 | D:4      | Noticed Eustachio
   629 | D:4      | Reached skill level 1 in Fighting
   669 | D:5      | Reached skill level 1 in Evocations
   672 | D:5      | Noticed Sigmund
   720 | D:5      | Reached XP level 8. HP: 54/56 MP: 0/12
   740 | D:5      | Found Muowk's General Store.
   845 | D:4      | Noticed Dowan
   845 | D:4      | Noticed Duvessa
   854 | D:4      | Killed Dowan
   861 | D:4      | Killed Duvessa
  1279 | D:1      | Found a faded altar of an unknown god.
  1596 | D:5      | Killed Sigmund
  1901 | D:7      | Reached XP level 9. HP: 42/65 MP: 15/15
  1908 | D:7      | Identified 2 scrolls of acquirement
  1908 | D:7      | Acquired Great Wizards, Vol. VII
  1963 | D:7      | Found a staircase to the Ecumenical Temple.
  1972 | Temple   | Entered the Ecumenical Temple
  2049 | Temple   | Became a worshipper of Cheibriados the Contemplative
  2050 | Temple   | Acquired the Volume of Summoning
  2057 | Temple   | Learned a level 4 spell: Summon Ice Beast
  2124 | D:7      | Noticed a komodo dragon
  2135 | D:7      | Killed a komodo dragon
  2368 | D:6      | Got the Almanac of the Merchant
  2620 | D:8      | Found Maov's Distillery.
  2750 | D:8      | Reached * piety under Cheibriados
  2775 | D:8      | Reached skill level 5 in Summonings
  2779 | D:8      | Reached skill level 5 in Spellcasting
  2781 | D:8      | Noticed a two-headed ogre
  2793 | D:8      | Reached XP level 10. HP: 39/71 MP: 2/17
  2975 | D:9      | Learned a level 5 spell: Summon Mana Viper
  3003 | D:9      | Found a sparkling altar of Nemelex Xobeh.
  3004 | D:9      | Found a blossoming altar of Fedhas.
  3010 | D:9      | Reached skill level 1 in Ice Magic
  3011 | D:9      | Reached skill level 1 in Hexes
  3066 | D:9      | Reached ** piety under Cheibriados
  3095 | D:9      | Found a flagged portal.
  3100 | Bailey   | Entered a bailey
  3114 | Bailey   | Noticed an orc warlord
  3183 | Bailey   | Noticed an orc knight
  3192 | Bailey   | Reached *** piety under Cheibriados
  3258 | Bailey   | Found a runed translucent gate.
  3258 | Bailey   | Found a runed translucent gate.
  3266 | Bailey   | Found a runed translucent gate.
  3360 | Bailey   | great
  3365 | Bailey   | :)
  3368 | Bailey   | Slain by an orc warlord

Illustrated notes

#...8.....†#########.
##......####≈≈ #≈≈≈##
##.....#≈≈#≈. ...:≈#
##....#≈........!≈#
#...##≈8.8...8.8##
#...'≈≈.........#.
#.).'≈≈....∩....#.
#)§.o≈≈........o#.
#@.Y##≈8.8...8.8##
##)...#≈........!≈#
##.....#≈≈#≈. ...:≈#
##......#### #≈≈≈##
#...8......#########)
#..........'.....+.†)
#..........#≈≈≈≈≈#...
##..8..8...#≈)≈≈≈#...
##.......##≈≈≈≈≈##..


Turn 3360 on Bailey: great #...8.....†#########. ##......####≈≈ #≈≈≈##
##.....#≈≈#≈. ...:≈# ##....#≈........!≈# #...##≈8.8...8.8## #...'≈≈.........#.
#§)§'≈≈....∩....#. #§§§'≈≈........o#. #@o§##≈8.8...8.8## ##§§§.#≈........!≈#
##§§§.§#≈≈#≈. ...:≈# ##......#### #≈≈≈## #...8......#########)
#..........'.....+.†) #..........#≈≈≈≈≈#... ##..8..8...#≈)≈≈≈#...
##.......##≈≈≈≈≈##.. Turn 3365 on Bailey: :)

Levels and vault maps discovered:
D:1:      dpeg_arrival_rooms_b, layout_loops_ring,
          shapermc_ecumenical_altar_venn, roderic_roman_lattice,
          chequers_big_river
D:2:      layout_basic, chequers_jeans
D:3:      layout_loops_ring
D:4:      layout_basic, minivault_23, uniq_eustachio, uniq_duvessa,
          uniq_natasha, uniq_edmund, uniq_ijyb
D:5:      layout_rooms, serial_shops, nicolae_shop_hallway_plus,
          kennysheep_cross_room, wad_floor_pattern_2, uniq_pikel, uniq_sigmund
D:6:      layout_basic, chequers_serial_rivers_micro_d,
          hangedman_abyss_or_decor_stabs
D:7:      layout_loops_corners, minmay_temple_entry_glass
D:8:      layout_basic, serial_shops, shop
D:9:      layout_long_grid, amethyst_overflow_temple_binary, serial_glass,
          glass_columns_b, glass_columns_a, enter_bailey_3,
          ebering_dispersal_statue_hall, uniq_maggie
Temple:   mainiacjoe_temple_big_plus
Bailey:   bailey_axe_bossmonster_kennysheep, bailey

Skill      XL: |  1  2  3  4  5  6  7  8  9 10 |
---------------+-------------------------------+-----
Transmutations | 2 |  2.0
Spellcasting   | 3 4 5 |  5.6
Air Magic      | 2 |  2.0
Poison Magic   | 7 |  7.0
Conjurations   | 1 |  1.0
Fighting       | 2 4 |  4.0
Evocations     | 1 3 |  3.0
Dodging        | 4 |  4.0
Staves         | 2 4 |  4.0
Summonings     | 5 7 |  7.0
Ice Magic      | 2 |  2.0
Hexes          | 2 |  2.4
Stealth        | |  2.0

Action                   |  1- 3 |  4- 6 |  7- 9 | 10-12 || total
-------------------------+-------+-------+-------+-------++-------
Melee: Quarterstaff      |       |       |    56 |    45 ||   101
       Whip              |       |       |     1 |       ||     1
Throw: Throwing net      |       |     1 |       |       ||     1
 Cast: Sting             |     8 |    12 |    56 |     4 ||    80
       Poisonous Vapours |       |     7 |    27 |     4 ||    38
       Olgreb's Toxic Ra |       |       |    13 |     7 ||    20
       Mephitic Cloud    |       |       |     6 |     4 ||    10
       Summon Ice Beast  |       |       |       |     4 ||     4
       Summon Mana Viper |       |       |       |     1 ||     1
Evoke: Wand              |       |       |     4 |     7 ||    11
  Use: Potion            |     1 |       |       |     1 ||     2
       Scroll            |       |     1 |     9 |     5 ||    15
 Stab: Distracted        |       |       |     1 |     1 ||     2
       Sleeping          |       |       |     1 |       ||     1
Armor: Robe              |     1 |     1 |    17 |    12 ||    31
Dodge: Dodged            |     6 |     3 |    62 |    58 ||   129

Table legend: (Time is in decaauts)
 A = Elapsed time spent in this place.
 B = Non-inter-level travel time spent in this place.
 C = Inter-level travel time spent in this place.
 D = Time resting spent in this place.
 E = Time spent auto-exploring this place.
 F = Levels seen in this place.
 G = Mean time per level.
                   A        B        C        D        E       F      G
               +--------+--------+--------+--------+--------+-----+--------+
         Total |   3870 |   3644 |    226 |      0 |      0 |  11 |  351.8 |
       Dungeon |   3325 |   3136 |    189 |      0 |      0 |   9 |  369.4 |
        Temple |    122 |     86 |     36 |      0 |      0 |   1 |  122.0 |
        Bailey |    421 |    421 |      0 |      0 |      0 |   1 |  421.0 |
               +--------+--------+--------+--------+--------+-----+--------+

Top non-repeatable levels by time:
     D:5: 638 daAuts
     D:7: 488 daAuts
     D:6: 451 daAuts
  Bailey: 421 daAuts
     D:1: 395 daAuts
     D:9: 367 daAuts
     D:4: 352 daAuts
     D:8: 316 daAuts
     D:2: 175 daAuts
     D:3: 140 daAuts
  Temple: 122 daAuts
